 Dungeon Crawl Stone Soup version 0.29.1-2-gbd0b4ee654 (webtiles) character file.

Game seed: 6932855874054669850

13150 kingsuperguy the Basher (level 11, -1/95 HPs)
             Began as a Minotaur Berserker on Nov 23, 2022.
             Was an Elder of Trog.
             Slain by a freezing wraith (8 damage)
             ... led by a death knight
             ... on level 8 of the Dungeon.
             The game lasted 00:28:09 (15003 turns).

kingsuperguy the Basher (Minotaur Berserker)       Turns: 15003, Time: 00:28:10

Health: -1/95      AC: 18    Str: 26    XL:     11   Next: 71%
Magic:  0/19       EV: 10    Int:  4    God:    Trog [****..]
Gold:   545        SH: 10    Dex: 10    Spells: 10/10 levels left

rFire   . . .      SeeInvis .   a - +4 double sword (holy)
rCold   + . .      Faith    .   h - +0 kite shield
rNeg    . . .      Spirit   +   b - +3 scale mail {rC+}
rPois   .          Reflect  .   (helmet restricted)
rElec   .          Harm     .   j - +2 cloak
rCorr   .          Rampage  .   K - +2 pair of gloves
Will    .....                   (no boots)
Stlth   ..........              V - amulet of guardian spirit
HPRegen 0.25/turn               x - ring of magical power
MPRegen 0.16/turn               (no ring)

@: about to teleport, on berserk cooldown, slowed, very slow
A: horns 2, retaliatory headbutt
a: Renounce Religion, Berserk, Trog's Hand, Brothers in Arms


You were on level 8 of the Dungeon.
You worshipped Trog.
Trog was greatly pleased with you.
You visited 2 branches of the dungeon, and saw 12 of its levels.

You collected 545 gold pieces.

Inventory:

Hand Weapons
 a - a +4 double sword of holy wrath (weapon)
 w - a +3 morningstar
 y - a +2 dagger of freezing
 D - a +2 dagger of venom
 J - a +0 long sword
 L - a +1 whip of flaming
 O - a +3 short sword
 T - a +0 great sword of protection
 Y - a +1 short sword of protection
 Z - a +0 dire flail
Missiles
 f - 55 poisoned darts (quivered)
 i - 2 curare-tipped darts
 q - 9 boomerangs
 t - a throwing net
Armour
 b - a +3 scale mail of cold resistance (worn)
 c - a +0 chain mail
 h - a +0 kite shield (worn)
 j - a +2 cloak (worn)
 u - a +2 robe of positive energy
 E - a +0 leather armour of poison resistance
 K - a +2 pair of gloves (worn)
 M - a +1 robe of cold resistance
Jewellery
 v - an amulet of reflection
 x - a ring of magical power (left hand)
 P - a ring of willpower
 V - an amulet of guardian spirit (around neck)
Wands
 r - a wand of flame (18)
 C - a wand of roots (9)
 F - a wand of charming (4)
Scrolls
 d - 2 scrolls of teleportation
 l - 2 scrolls of amnesia {unknown}
 n - 2 scrolls of noise {unknown}
 o - 3 scrolls of fog
 z - 2 scrolls of vulnerability {unknown}
 Q - 2 scrolls of fear {unknown}
 R - a scroll of brand weapon {unknown}
 S - a scroll of torment {unknown}
 W - a scroll of blinking {unknown}
Potions
 e - a potion of mutation {unknown}
 k - 4 potions of curing
 m - 2 potions of flight
 s - a potion of berserk rage
 A - a potion of haste {unknown}
 B - 2 potions of attraction {unknown}
 G - 2 potions of cancellation {unknown}
 H - a potion of lignification {unknown}
 I - 2 potions of brilliance {unknown}
 N - 2 potions of heal wounds
 U - 2 potions of magic {unknown}
 X - a potion of resistance {unknown}


   Skills:
 + Level 8.8 Fighting
 * Level 11.6 Long Blades
 - Level 12.3 Maces & Flails
 - Level 10.0 Armour
 - Level 3.3 Dodging
 + Level 1.9 Stealth
 + Level 8.2 Shields
 + Level 0.1 Evocations


You had 10 spell levels left.
You didn't know any spells.
Your spell library was empty.

Dungeon Overview and Level Annotations

Branches:
Dungeon (10/15)            Temple (0/1) D:4            Lair (2/5) D:9
  Swamp: Lair:2-3    Shoals: Lair:2-3     Snake: Lair:2-3    Spider: Lair:2-3
    Orc: D:9-12

Altars:
Ashenzari
Cheibriados
Elyvilon
Gozag
Okawaru
Ru
Trog
Uskayaw
Vehumet
Wu Jian
Xom
Zin
The Shining One

Shops:
D:3 (   D:5 ?


Innate Abilities, Weirdness & Mutations

You have a pair of horns on your head.
You reflexively headbutt those who attack you in melee.


Message History

The freezing wraith hits you but does no damage.
The freezing wraith barely misses you.
The death knight offers itself to Yredelemnul, and fills with unholy energy.
You slash the death knight!
The death knight is moderately wounded.
The death knight reflects your damage back at you!
You barely miss the death knight.
The death knight is moderately wounded.
The freezing wraith barely misses you. You furiously retaliate!
You headbutt the freezing wraith. The freezing wraith hits you.
The freezing wraith drains your vigour!
You feel yourself slow down. The freezing wraith barely misses you.
The freezing wraith closely misses you.
The death knight hits you with a +4 great sword.
You slash the death knight! You headbutt the death knight.
The death knight is heavily wounded.
The death knight reflects your damage back at you!
* * * LOW HITPOINT WARNING * * *
The freezing wraith hits you!
* * * LOW HITPOINT WARNING * * *
The freezing wraith freezes you! You resist.
* * * LOW HITPOINT WARNING * * *
The freezing wraith barely misses you. You block the freezing wraith's attack.
The freezing wraith hits you.
* * * LOW HITPOINT WARNING * * *
The freezing wraith drains your vigour!
You feel as though you will be slow longer.
The death knight hits you with a +4 great sword!
* * * LOW HITPOINT WARNING * * *
You are no longer berserk.
You are exhausted.
You feel as though you will be slow longer.
As you read the scroll of teleportation, it crumbles to dust.
You feel strangely unstable.
The freezing wraith hits you but does no damage.
You block the freezing wraith's attack. x2; The freezing wraith hits you!
* * * LOW HITPOINT WARNING * * *
The freezing wraith drains your vigour!
You feel as though you will be slow longer.
The freezing wraith hits you!
You die...

#.....###...#............
#####.# ###..............
### ##.........####
#..####### ##..# #####
##..# #....######...#
#####
##..........<..######....
#......p@.......#........
......WW.#####...........
#......### ##..........
#...... #..........
#.....# ##.........
#..... ##........ #.....
##....... #.... #.......
#.... ##.....#


You could see a death knight (reflects damage) and 2 freezing wraiths.

Vanquished Creatures
  Urug (D:10)
  A skeletal warrior (D:8)
  Pikel (D:7)
  A black mamba (Lair:2)
  A cane toad (Lair:1)
  A kobold demonologist (D:9)
  3 komodo dragons (Lair:1)
  An unseen horror (D:10)
  A polar bear (Lair:1)
  5 blink frogs (Lair:1)
  Grinder (D:6)
  3 wyverns
  22 yaks
  Duvessa (D:6)
  10 water moccasins
  2 orc warriors
  A sky beast (D:5)
  3 ice beasts
  3 ogres
  2 black bears
  A phantom (D:6)
  4 centaurs
  7 kobold brigands
  4 bullfrogs
  A necrophage (D:7)
  Blork the orc (D:5)
  6 wights
  Dowan (D:6)
  8 killer bees
  A howler monkey (D:6)
  3 orc priests (D:6)
  2 hounds (D:5)
  Crazy Yiuf (D:6)
  A gnoll bouda (D:9)
  Terence (D:2)
  5 iguanas
  4 orc wizards
  3 gnolls (D:9)
  6 adders
  A shadow imp (D:7)
  A white imp (D:5)
  7 dart slugs
  9 orcs
  8 endoplasms
  3 giant cockroaches
  4 goblins
  8 hobgoblins
  8 jackals
  3 quokkas
  9 ball pythons
  7 bats
  3 frilled lizards
  33 kobolds
  3 rats (D:1)
231 creatures vanquished.

Vanquished Creatures (others)
  11 fungi
  26 plants
37 creatures vanquished.

Grand Total: 268 creatures vanquished

Notes
Turn   | Place    | Note
-------+----------+-------------------------------------------
     0 | D:1      | kingsuperguy the Minotaur Berserker began the quest for the
                  | Orb.
     0 | D:1      | Reached XP level 1. HP: 19/19 MP: 0/0
   257 | D:1      | Reached XP level 2. HP: 27/27 MP: 1/1
   430 | D:1      | Found a faded altar of an unknown god.
   664 | D:1      | Reached XP level 3. HP: 32/33 MP: 2/2
   772 | D:1      | Reached ** piety under Trog
  1484 | D:2      | Noticed Terence
  1497 | D:2      | Killed Terence
  1498 | D:2      | Reached skill level 5 in Long Blades
  1498 | D:2      | Reached XP level 4. HP: 32/41 MP: 3/3
  1939 | D:3      | Reached skill level 1 in Shields
  1968 | D:3      | Found Ywaynk's Weapon Emporium.
  2760 | D:4      | Reached *** piety under Trog
  2840 | D:4      | Found an opulent altar of Gozag.
  2840 | D:4      | Noticed an ogre
  2849 | D:4      | Killed an ogre
  2850 | D:4      | Reached XP level 5. HP: 47/47 MP: 4/4
  3086 | D:4      | Noticed an ogre
  3091 | D:4      | Killed an ogre
  3092 | D:4      | Reached XP level 6. HP: 37/53 MP: 5/5
  3376 | D:4      | Found a staircase to the Ecumenical Temple.
  3517 | D:5      | Entered Level 5 of the Dungeon
  3728 | D:5      | Found Uckiydgh's Magic Scroll Boutique.
  4217 | D:5      | Noticed an ice beast
  4232 | D:5      | Killed an ice beast
  4308 | D:5      | Found an ornate altar of the Wu Jian Council.
  4308 | D:5      | Found a white marble altar of Elyvilon.
  4354 | D:5      | Noticed a sky beast
  4370 | D:5      | Killed a sky beast
  4371 | D:5      | Reached skill level 5 in Fighting
  4371 | D:5      | Reached XP level 7. HP: 43/61 MP: 6/6
  4566 | D:5      | Found a shimmering altar of Xom.
  4641 | D:5      | Noticed Blork the orc
  4650 | D:5      | Killed Blork the orc
  4651 | D:5      | Reached skill level 5 in Armour
  5403 | D:6      | Noticed Duvessa
  5461 | D:6      | Noticed Grinder
  5506 | D:6      | Found a bloodstained altar of Trog.
  5524 | D:6      | Killed Grinder
  5525 | D:6      | Reached skill level 1 in Maces & Flails
  5525 | D:6      | Reached XP level 8. HP: 50/69 MP: 7/7
  5949 | D:6      | Noticed Dowan
  5955 | D:6      | Killed Dowan
  5964 | D:6      | Killed Duvessa
  5965 | D:6      | Reached skill level 2 in Maces & Flails
  5965 | D:6      | Reached skill level 1 in Stealth
  6280 | D:6      | Reached skill level 3 in Maces & Flails
  6595 | D:6      | Found a hide-covered altar of Uskayaw.
  6648 | D:6      | Reached skill level 4 in Maces & Flails
  6688 | D:6      | Found a runed translucent door.
  6688 | D:6      | Noticed Crazy Yiuf
  6803 | D:6      | Found a sacrificial altar of Ru.
  6901 | D:6      | Found a snail-covered altar of Cheibriados.
  7008 | D:6      | Killed Crazy Yiuf
  7281 | D:7      | Reached skill level 5 in Maces & Flails
  7429 | D:7      | Reached XP level 9. HP: 63/75 MP: 8/8
  7528 | D:7      | Noticed Pikel
  7540 | D:7      | Killed Pikel
  7541 | D:7      | Reached skill level 7 in Maces & Flails
  7541 | D:7      | Reached skill level 5 in Shields
  7866 | D:7      | Reached skill level 8 in Maces & Flails
  7879 | D:7      | Reached skill level 9 in Maces & Flails
  8811 | D:8      | Reached XP level 10. HP: 84/86 MP: 9/9
  8960 | D:8      | Reached skill level 10 in Maces & Flails
  9167 | D:8      | Noticed a skeletal warrior
  9921 | D:9      | Found a staircase to the Lair.
  9954 | D:9      | Found a glowing golden altar of the Shining One.
 10261 | D:9      | Reached **** piety under Trog
 10333 | D:9      | Reached skill level 11 in Maces & Flails
 10601 | Lair:1   | Entered Level 1 of the Lair of Beasts
 10623 | D:9      | HP: 4/88 [poisoned by a water moccasin]
 11134 | D:9      | Found a glowing silver altar of Zin.
 11143 | D:9      | Found an iron altar of Okawaru.
 11143 | D:9      | Found a radiant altar of Vehumet.
 11387 | D:10     | Entered Level 10 of the Dungeon
 11513 | D:10     | Noticed Urug
 11528 | D:10     | Killed Urug
 11529 | D:10     | Reached skill level 12 in Maces & Flails
 12101 | D:10     | Reached XP level 11. HP: 82/94 MP: 10/10
 12185 | D:10     | Found a broken altar of Ashenzari.
 12437 | D:10     | Reached skill level 10 in Armour
 13685 | Lair:1   | Reached skill level 10 in Long Blades
 13849 | Lair:1   | You fall into a shaft and drop 1 floor!
 13894 | Lair:2   | Noticed a bog body
 13911 | Lair:2   | Noticed an eight-headed hydra
 14986 | D:8      | Noticed a death knight
 14994 | D:8      | Killed a skeletal warrior
 15003 | D:8      | Slain by a freezing wraith

Illustrated notes

Levels and vault maps discovered:
D:1:      minmay_arrival_glassed_features, layout_loops_ring,
          shapermc_ecumenical_altar_mp_ritualfount
D:2:      layout_basic, uniq_terence
D:3:      layout_basic, serial_shops, nicolae_shop_bloodbath_and_beyond,
          serial_bayou, serial_bayou_lagoon_a, serial_bayou_pond_e,
          serial_bayou_pond_b, serial_bayou_shore_a, st_stairs_3
D:4:      layout_loops_ring, old_standard_altar, temple_doors_ab
D:5:      layout_basic, kennysheep_mini_moat, gammafunk_temple_overflow_wave,
          serial_shops, shop, uniq_blork_the_orc
D:6:      layout_rooms, overflow_temple_1_default, cheibriados_altar_1,
          overflow_temple_1_default, mainiacjoe_overflow_concentric_impassable,
          uniq_duvessa, uniq_crazy_yiuf_cottage, uniq_grinder
D:7:      layout_loops_ring, uniq_pikel
D:8:      layout_cave_pods, kiku_gazebo_garden_becter
D:9:      layout_basic, mainiacjoe_overflow_paths, minitemple, dpeg_oklobed_lair
D:10:     layout_rooms, lemuel_doored_altar, serial_co_window_serial,
          co_window_paths_b, co_window_corner_a, co_window_paths_a,
          co_window_paths_b, co_window_cross_1, co_window_paths_b,
          co_window_paths_a, co_window_corner_a, co_window_of_opportunity_a,
          co_window_of_opportunity_b, co_window_corner_ca, co_window_corner_cb,
          co_window_2corner, glass_columns_c, glass_columns_a, glass_columns_a,
          glass_columns_a, uniq_urug
Lair:1:   layout_chaotic_city, cheibrodos_lair_reptile_den, grunt_megastairs_5
Lair:2:   layout_long_grid, skrybe_swamp_entry_bodies, spider_nest_entry_rubble,
          basic_altar, st_stairs_9, guppyfry_lair_drakes,
          infiniplex_staircase_pool

Skill      XL: |  1  2  3  4  5  6  7  8  9 10 11 |
---------------+----------------------------------+-----
Long Blades    | 4 5 6 7 8 11 | 11.6
Fighting       | 4 5 6 7 8 |  8.8
Armour         | 3 4 6 7 8 9 10 | 10.0
Shields        | 1 2 3 4 5 7 8 |  8.2
Dodging        | 3 |  3.3
Maces & Flails | 1 5 9 12 | 12.3
Stealth        | 1 |  1.9
Evocations     | |  0.1

Action                   |  1- 3 |  4- 6 |  7- 9 | 10-12 || total
-------------------------+-------+-------+-------+-------++-------
Melee: Falchion          |   116 |   135 |    38 |       ||   289
       Headbutt          |    22 |    26 |    35 |    58 ||   141
       Morningstar       |       |       |   159 |   159 ||   318
       Double sword      |       |       |       |   182 ||   182
Invok: Berserk           |     1 |     5 |     6 |     7 ||    19
Evoke: Wand              |       |       |       |     3 ||     3
  Use: Scroll            |       |     5 |     1 |    10 ||    16
       Potion            |       |       |       |     2 ||     2
Armor: Chain mail        |    65 |    61 |    99 |    95 ||   320
       Animal skin       |     1 |       |       |       ||     1
       Scale mail        |       |       |       |   141 ||   141
Dodge: Dodged            |    40 |    26 |    73 |   146 ||   285
Block: Kite shield       |    21 |    33 |   105 |   199 ||   358
